 Dungeon Crawl Stone Soup version 0.31-a0-236-g9a0961fb85 (webtiles) character file.

Game seed: 15356461322090422257

848 promet the Covered (level 7, -1/61 HPs)
             Began as a Minotaur Fighter on July 10, 2023.
             Was an Initiate of Hepliaklqana.
             Slain by a basilisk (6 damage)
             ... created by the adversity of Qazlal
             ... on level 5 of the Dungeon.
             The game lasted 00:27:50 (6161 turns).

promet the Covered (Minotaur Fighter)               Turns: 6161, Time: 00:27:51

Health: -1/61      AC: 14    Str: 21    XL:     7   Next: 69%
Magic:  6/6        EV: 10    Int:  7    God:    Hepliaklqana [......]
Gold:   40         SH:  0    Dex:  9    Spells: 6/6 levels left

rFire   x x .        x - +0 great sword
rCold   . . .        (shield currently unavailable)
rNeg    . . .        b - +0 scale mail
rPois   .            (helmet restricted)
rElec   .            (no cloak)
rCorr   .            o - +2 pair of gloves
SInv    +            (no boots)
Will    .....        (no amulet) Stlth
                     k - +4 ring of protection
HPRegen 0.30/turn    t - ring of see invisible
MPRegen 0.10/turn

%: no passive effects
@: hasted, very quick
A: horns 2, retaliatory headbutt, [heat vulnerability 2]
a: Renounce Religion


You were on level 5 of the Dungeon.
You worshipped Hepliaklqana.
Hepliaklqana was noncommittal.
You visited 2 branches of the dungeon, and saw 6 of its levels.

You collected 205 gold pieces.
You spent 165 gold pieces at shops.

Inventory:

Hand Weapons
 a - a +2 short sword of speed
 p - a +0 trident
 q - a +0 long sword
 x - a +0 great sword (weapon)
 y - a +4 dagger
Missiles
 e - 19 stones
 g - 6 javelins (quivered)
 m - 7 poisoned darts
Armour
 b - a +0 scale mail (worn)
 c - a +0 buckler
 o - a +2 pair of gloves (worn)
Jewellery
 k - a +4 ring of protection (left hand)
 r - an amulet of guardian spirit
 t - a ring of see invisible (right hand)
Wands
 j - a wand of roots (7)
Scrolls
 d - a scroll of teleportation
 w - a scroll of enchant armour
Potions
 f - 2 potions of attraction
 h - a potion of berserk rage {unknown}
 i - a potion of curing
 l - a potion of magic {unknown}
 n - a potion of cancellation
 s - a potion of ambrosia
 v - a potion of enlightenment {unknown}


   Skills:
 + Level 5.3 Fighting
 + Level 4.4(5.1) Short Blades
 + Level 4.0(5.2) Long Blades
 + Level 1.8 Throwing
 + Level 5.6 Armour
 + Level 2.4 Dodging
 + Level 1.4 Stealth
 + Level 5.1 Shields


You had 6 spell levels left.
You didn't know any spells.
Your spell library contained the following spells:

 Spells                   Type           Power      Damage    Failure   Level
 Apportation              Tloc           0%         N/A       75%         1
 Magic Dart               Conj           0%         1d3       75%         1
 Necrotise                Necr           0%         1d4       75%         1
 Summon Small Mammal      Summ           0%         N/A       75%         1
 Blink                    Tloc           0%         N/A       87%         2
 Searing Ray              Conj           0%         2d4       87%         2
 Vampiric Draining        Necr           0%         2d6       98%         3
 Fulminant Prism          Conj/Hex       0%         3d5       100%        4
 Manifold Assault         Tloc           0%         N/A       100%        4
 Agony                    Necr           0%         N/A       100%        5
 Storm Form               Tmut/Air       0%         N/A       100%        7


Dungeon Overview and Level Annotations

Branches:
Dungeon (5/15)             Temple (1/1) D:4

Altars:
Ashenzari
Cheibriados
Dithmenos
Fedhas
Gozag
Hepliaklqana
Makhleb
Nemelex Xobeh
Okawaru
Qazlal
Ru
Vehumet
Wu Jian
Xom
Yredelemnul
Zin

Shops:
D:3 =   D:4 *

Annotations:
D:5 Pikel


Innate Abilities, Weirdness & Mutations

You have a pair of horns on your head.
You reflexively headbutt those who attack you in melee.
[You are very vulnerable to heat. (rF--)]


Message History

The basilisk is heavily wounded.
The basilisk bites you.
* * * LOW HITPOINT WARNING * * *
You closely miss the basilisk.
The basilisk is heavily wounded.
The basilisk gazes at you. You resist with significant effort.
The basilisk gazes at you.
You are slowing down.
You closely miss the basilisk.
The basilisk is heavily wounded.
The basilisk bites you.
* * * LOW HITPOINT WARNING * * *
The basilisk barely misses you.
You have turned to stone.
The basilisk bites you!
* * * LOW HITPOINT WARNING * * *
The basilisk gazes at you.
The basilisk bites you but does no damage.
The basilisk gazes at you.
The basilisk bites you but does no damage.
The basilisk bites you. x2
You turn to flesh and can move again.
You barely miss the basilisk. You headbutt the basilisk.
The basilisk is heavily wounded.
The basilisk bites you!
* * * LOW HITPOINT WARNING * * *
It was a potion of haste.
You feel yourself speed up. The basilisk gazes at you.
You resist with significant effort.
You barely miss the basilisk. You headbutt the basilisk.
The basilisk is heavily wounded.
The basilisk gazes at you. You resist with significant effort.
You slash the basilisk!
The basilisk is almost dead.
The basilisk bites you but does no damage.
You barely miss the basilisk. You headbutt the basilisk.
The basilisk is almost dead.
The basilisk bites you.
You die...

.#...## ....f# .#...##
#....# .#....# #...l#
.#....# #....# .#....#
#....# .#.K..# #....#
.#...###+#....#
.#...##.......#######
.#.5..#........l@...##
##....#.......##.#...#
...._.#.......##.....#
......#.......##..8..#
##....#.......##._..##
######.......##..8.#
#.......###...#
#...!...# #####


You could see a basilisk.

Vanquished Creatures
  A rime drake (D:4)
  Grinder (D:5)
  An ice beast (D:5)
  3 scorpions (D:4)
  2 hounds (D:5)
  Jessica (D:2)
  2 iguanas (D:5)
  An orc wizard (D:4)
  3 gnolls (D:4)
  9 adders
  A river rat (D:3)
  2 worms
  3 dart slugs
  7 orcs
  3 endoplasms (D:1)
  5 giant cockroaches
  8 goblins
  8 hobgoblins
  4 jackals
  A quokka (D:1)
  8 ball pythons
  7 bats
  6 frilled lizards
  8 kobolds
  8 rats
103 creatures vanquished.

Notes
Turn   | Place    | Note
-------+----------+-------------------------------------------
     0 | D:1      | promet the Minotaur Fighter began the quest for the Orb.
     0 | D:1      | Reached XP level 1. HP: 19/19 MP: 0/0
   203 | D:1      | Reached XP level 2. HP: 22/27 MP: 1/1
  1256 | D:2      | Reached XP level 3. HP: 33/33 MP: 2/2
  1792 | D:2      | Noticed Jessica
  1793 | D:2      | Killed Jessica
  1794 | D:2      | Reached XP level 4. HP: 41/41 MP: 3/3
  2087 | D:2      | Reached skill level 1 in Dodging
  2394 | D:3      | Found a shadowy altar of Dithmenos.
  2394 | D:3      | Found a stormy altar of Qazlal.
  2515 | D:3      | Became a worshipper of Qazlal Stormbringer
  2701 | D:3      | Found Alliassu's Jewellery Boutique.
  2763 | D:3      | Bought a ring of see invisible for 165 gold pieces
  3148 | D:3      | Reached XP level 5. HP: 47/47 MP: 4/4
  3291 | D:4      | Found Ea-nāṣir's Fine Metal Goods.
  3392 | D:4      | Found a blossoming altar of Fedhas.
  3550 | D:4      | Reached skill level 1 in Short Blades
  3736 | D:4      | Reached * piety under Qazlal
  3878 | D:4      | Reached XP level 6. HP: 55/55 MP: 5/5
  3922 | D:4      | Found a staircase to the Ecumenical Temple.
  3946 | Temple   | Entered the Ecumenical Temple
  3981 | Temple   | Fell from the grace of Qazlal
  3981 | Temple   | Became a worshipper of Hepliaklqana the Forgotten
  4376 | D:4      | Reached skill level 1 in Throwing
  4402 | D:4      | Reached skill level 5 in Armour
  4408 | D:4      | Reached skill level 1 in Stealth
  4505 | D:4      | Noticed a rime drake
  4505 | D:4      | Noticed a wind drake
  4846 | D:4      | Killed a rime drake
  5156 | D:4      | Reached skill level 5 in Fighting
  5325 | D:5      | Entered Level 5 of the Dungeon
  5364 | D:5      | Noticed a basilisk
  5364 | D:5      | Noticed a water elemental
  5372 | D:5      | Found a sacrificial altar of Ru.
  5372 | D:5      | Noticed an ice beast
  5387 | D:5      | Killed an ice beast
  5388 | D:5      | Reached XP level 7. HP: 54/61 MP: 6/6
  5522 | D:5      | Noticed Pikel
  5529 | D:5      | Noticed a basilisk
  5529 | D:5      | Noticed a boulder beetle
  5532 | D:5      | Noticed Grinder
  5549 | D:5      | Killed Grinder
  5550 | D:5      | Reached skill level 5 in Shields
  5868 | D:5      | Found an iron altar of Okawaru.
  5940 | D:5      | Found a shimmering altar of Xom.
  6161 | D:5      | Slain by a basilisk

Illustrated notes

Levels and vault maps discovered:
D:1:      minmay_arrival_nine_rooms, layout_basic, nicolae_eternal_life,
          minmay_tree_intersection
D:2:      layout_basic, uniq_jessica
D:3:      layout_basic, mainiacjoe_overflow_divided_tiny, serial_shops, shop,
          portal_sewer_entry_e
D:4:      layout_loops_ring, mainiacjoe_overflow_alcove_4, temple_hall,
          nicolae_ea-nasir_strikes_again, grunt_ministairs_7
D:5:      layout_gridville, overflow_temple_1_default, hangedman_feature_mirror,
          uniq_grinder, uniq_pikel, uniq_prince_ribbit1
Temple:   minmay_temple_bridge_abc

Skill      XL: |  1  2  3  4  5  6  7 |
---------------+----------------------+-----
Fighting       | 4 5 |  5.3
Shields        | 4 5 |  5.1
Long Blades    | 3 4 |  4.0
Armour         | 4 5 |  5.6
Dodging        | 1 2 |  2.4
Short Blades   | 2 3 4 |  4.4
Throwing       | 1 |  1.8
Stealth        | 1 |  1.4

Action                     |  1- 3 |  4- 6 |  7- 9 || total
---------------------------+-------+-------+-------++-------
  Melee: Long sword        |    80 |    18 |       ||    98
         Headbutt          |    16 |    35 |    15 ||    66
         Dagger            |       |    91 |       ||    91
         Short sword       |       |    73 |    46 ||   119
         Great sword       |       |       |    19 ||    19
  Throw: Javelin           |     3 |    12 |     2 ||    17
    Use: Scroll            |     4 |     8 |     3 ||    15
         Potion            |     1 |     2 |     2 ||     5
 Armour: Scale mail        |    32 |    59 |    21 ||   112
  Dodge: Dodged            |    30 |    68 |    12 ||   110
  Block: Buckler           |     9 |    23 |     6 ||    38

Table legend: (Time is in decaauts)
 A = Elapsed time spent in this place.
 B = Non-inter-level travel time spent in this place.
 C = Inter-level travel time spent in this place.
 D = Time resting spent in this place.
 E = Time spent auto-exploring this place.
 F = Levels seen in this place.
 G = Mean time per level.
                   A        B        C        D        E       F      G
               +--------+--------+--------+--------+--------+-----+--------+
         Total |   6154 |   5891 |    263 |   1665 |   2066 |   6 | 1025.7 |
       Dungeon |   6094 |   5843 |    251 |   1665 |   2047 |   5 | 1218.8 |
        Temple |     60 |     48 |     12 |      0 |     19 |   1 |   60.0 |
               +--------+--------+--------+--------+--------+-----+--------+

Top non-repeatable levels by time:
     D:4: 1975 daAuts
     D:1: 1249 daAuts
     D:3: 1087 daAuts
     D:2: 964 daAuts
     D:5: 817 daAuts
  Temple: 60 daAuts
